 Dungeon Crawl Stone Soup version 0.30-a0-862-g1aabd4f9c5 (webtiles) character file.

Game seed: 4126908628889894398

674 Esekla the Covert (level 7, 0/46 (48) HPs)
             Began as an Octopode Delver on Mar 9, 2023.
             Was an Initiate of Gozag.
             Killed from afar by Dowan (17 damage)
             ... with a shard of ice
             ... on level 4 of the Dungeon.
             The game lasted 00:19:27 (3360 turns).

Esekla the Covert (Octopode Delver)                 Turns: 3360, Time: 00:19:27

HP:   0/46 (48)     AC:  1    Str: 11    XL:     7   Next: 59%
MP:   19/19         EV: 11    Int: 15    God:    Gozag
Gold: 585           SH:  0    Dex: 13    Spells: 7/10 levels left

rFire   . . .      SeeInvis .    a - +2 long sword (drain)
rCold   . . .      Faith    .    (no shield)
rNeg    . . .      Spirit   .    (helmet restricted)
rPois   .          Reflect  .    (no amulet)
rElec   .          Rampage  .    j - ring of flight
rCorr   .                        n - ring of magical power
Will    .....                    (no ring)
Stlth   +++++                    (no ring)
HPRegen 0.27/turn                (no ring)
MPRegen 0.16/turn                (no ring)
                                 (no ring)
                                 (no ring)

@: grasped by roots, flying, constricted, lightly drained
A: almost no armour, amphibious, 8 rings, camouflage 1, gelatinous body 1,
(nimble swimmer 1), tentacles
a: Renounce Religion, Potion Petition, Call Merchant, Bribe Branch


You were on level 4 of the Dungeon.
You worshipped Gozag.
Gozag was pleased with you.
You visited 2 branches of the dungeon, and saw 6 of its levels.

You collected 589 gold pieces.
You paid 4 gold pieces to Gozag.

Inventory:

Hand Weapons
 a - a +2 long sword of draining (weapon)
 r - a +0 trident
 s - a +0 dagger of venom
Jewellery
 j - a ring of flight (left tentacle)
 n - a ring of magical power (right tentacle)
Wands
 f - a wand of digging (3)
 t - a wand of roots (10)
 u - a wand of flame (18)
Scrolls
 b - a scroll of fog
 c - a scroll of magic mapping
 d - a scroll of fear
 g - 3 scrolls of teleportation {unknown}
 i - 2 scrolls of vulnerability {unknown}
 m - 2 scrolls of blinking {unknown}
 o - 2 scrolls of identify {unknown}
 p - a scroll of brand weapon {unknown}
Potions
 e - 2 potions of ambrosia {unknown}
 k - 2 potions of heal wounds {unknown}
 l - a potion of degeneration {unknown}
 q - 3 potions of lignification {unknown}


   Skills:
 * Level 4.2 Fighting
 + Level 1.3(2.7) Short Blades
 * Level 3.7(3.9) Long Blades
 * Level 3.3 Dodging
 + Level 9.2 Stealth
 * Level 2.2 Spellcasting
 * Level 1.3 Translocations
 * Level 1.3 Air Magic


You had 7 spell levels left.
You knew the following spells:

 Your Spells              Type           Power      Damage    Failure   Level
h - Vhi's Electric Charg  Tloc/Air       10%        N/A       36%         3

Your spell library contained the following spells:

 Spells                   Type           Power      Damage    Failure   Level
 Static Discharge         Conj/Air       6%         2-3/arc   26%         2
 Kindle Blastsparks       Fire/Tloc/Air  8%         2d10      41%         3
 Ignite Poison            Fire/Tmut/Pois 1%         N/A       54%         3
 Arcjolt                  Conj/Air       1%         1d11      99%         5
 Freezing Cloud           Conj/Ice/Air   1%         6-21      99%         5
 Lightning Bolt           Conj/Air       1%         1d12      99%         5


Dungeon Overview and Level Annotations

Branches:
Dungeon (5/15)             Temple (1/1) D:5

Altars:
Gozag

Annotations:
D:4 Dowan


Innate Abilities, Weirdness & Mutations

You cannot wear most types of armour.
You are amphibious.
You can wear up to eight rings at the same time.
Your skin changes colour to match your surroundings (Stealth+).
Your rubbery body absorbs attacks. (AC +1, EV +1)
((You are camouflaged when in or above water. (Stealth+)))
You have tentacles for arms and can constrict up to eight enemies at once.


Message History

You kill the adder!
You now have 585 gold pieces (gained 5).
You start resting.
HP restored.
You start waiting.
Done waiting.
There is a stone staircase leading down here.
You fly downwards.
Level annotation: Dowan Dowan zaps a wand.
The roots erupt in riotous growth!
The grasping roots grab you! The grasping roots constrict you.
There is a stone staircase leading up, spattered with blood here.
You escape the roots grasp.
Dowan barely misses you.
You completely miss Dowan. Your grab misses Dowan. Your squeeze misses Dowan.
Dowan gestures wildly while chanting.
Dowan blinks!
A quokka comes into view.
There is a stone staircase leading up, spattered with blood here.
Dowan points at you and mumbles some strange words.
The stone arrow hits you.
Dowan zaps a wand.
The roots erupt in riotous growth!
The grasping roots grab you!
Dowan is unaffected.
The grasping roots constrict you.
You hit Dowan. You drain Dowan. Your grab misses Dowan.
Your squeeze misses Dowan.
Dowan is lightly wounded.
Dowan barely misses you. The grasping roots constrict you.
You closely miss Dowan. Your grab misses Dowan. Your squeeze misses Dowan.
Dowan is lightly wounded.
Dowan barely misses you. The grasping roots constrict you.
Dowan points at you and mumbles some strange words.
The stone arrow hits you!!
* * * LOW HITPOINT WARNING * * *
The grasping roots constrict you.
* * * LOW HITPOINT WARNING * * *
You feel better. Dowan gestures at you while chanting.
The shard of ice hits you!
You die...
Your body crumbles into a pile of gold.

#.........
#>........
###.........
#...........
#...........
#...#r......
###.$.........
###...<$........
#...).@.#.......
#......e.##..<...
$
##........###..##
##.###.##.. ## ##
### ..[. ...#
..... .... ###.


You could see Dowan (fast, very drained) and a quokka.

Vanquished Creatures
  Sigmund (D:3)
  Menkaure (D:3)
  Duvessa (D:4)
  Jessica (D:2)
  Terence (D:2)
  Ijyb (D:3)
  Natasha (thrice) (D:2)
  7 adders
  A shadow imp (D:5)
  2 worms (D:2)
  A dart slug (D:1)
  7 bats
  5 endoplasms
  5 giant cockroaches
  7 goblins
  4 hobgoblins
  8 jackals
  4 kobolds
  4 quokkas
  6 ball pythons
  A frilled lizard (D:2)
  2 rats
73 creatures vanquished.

Notes
Turn   | Place    | Note
-------+----------+-------------------------------------------
     0 | D:5      | Esekla the Octopode Delver began the quest for the Orb.
     0 | D:5      | Reached XP level 1. HP: 16/16 MP: 1/1
     4 | D:5      | Found a staircase to the Ecumenical Temple.
    23 | D:5      | Reached XP level 2. HP: 3/21 MP: 2/2
    34 | Temple   | Entered the Ecumenical Temple
   190 | Temple   | Became a worshipper of Gozag Ym Sagoz the Greedy
   197 | D:5      | Noticed an ogre
   215 | D:4      | Noticed Duvessa
   215 | D:4      | Noticed Menkaure
   230 | D:3      | Killed Menkaure
   231 | D:3      | Reached skill level 8 in Stealth
   231 | D:3      | Reached skill level 1 in Spellcasting
   231 | D:3      | Reached XP level 3. HP: 7/27 MP: 2/4
   231 | D:3      | Reached XP level 4. HP: 9/33 MP: 2/5
   231 | D:3      | Reached XP level 5. HP: 10/37 MP: 2/6
   999 | D:1      | Found a faded altar of an unknown god.
  1878 | D:2      | Noticed Natasha
  1905 | D:2      | Killed Natasha
  1906 | D:2      | Reached XP level 6. HP: 43/43 MP: 8/8
  1924 | D:2      | Learned a level 3 spell: Vhi's Electric Charge
  1938 | D:2      | Noticed Jessica
  1945 | D:2      | Killed Jessica
  2119 | D:2      | Noticed Terence
  2144 | D:2      | Killed Terence
  2382 | D:2      | Noticed Natasha
  2389 | D:2      | Killed Natasha
  2405 | D:2      | Noticed Natasha
  2413 | D:2      | Killed Natasha
  2548 | D:3      | Noticed Ijyb
  2569 | D:3      | Killed Ijyb
  2694 | D:3      | Noticed Sigmund
  2696 | D:3      | Killed Sigmund
  2697 | D:3      | Reached skill level 1 in Short Blades
  2697 | D:3      | Reached skill level 9 in Stealth
  2697 | D:3      | Reached skill level 1 in Translocations
  2697 | D:3      | Reached skill level 1 in Air Magic
  2697 | D:3      | Reached XP level 7. HP: 48/48 MP: 10/10
  3019 | D:4      | Killed Duvessa
  3019 | D:4      | HP: 1/38 [constriction (1)]
  3154 | D:4      | Noticed Dowan
  3360 | D:4      | Killed from afar by Dowan

Illustrated notes

Levels and vault maps discovered:
D:1:      lemuel_arrival_funnel, layout_basic, basic_ecumenical_altar,
          minivault_24, minmay_misc_feat_square
D:2:      layout_basic, dk_noncrumbling_4, uniq_terence, uniq_jessica,
          uniq_natasha
D:3:      layout_basic, grunt_decor_one_mirror, kennysheep_potato, uniq_ijyb,
          uniq_sigmund
D:4:      layout_cave_pools, gammafunk_temple_overflow_elements,
          nicolae_shop_dragon_depot, uniq_duvessa, uniq_menkaure,
          uniq_crazy_yiuf_cottage
D:5:      layout_gridville, minmay_temple_entry_overgrown
Temple:   bh_familiar_temple

Skill      XL: |  1  2  3  4  5  6 |
---------------+-------------------+-----
Stealth        | 8 9 |  9.2
Spellcasting   | 1 2 |  2.2
Long Blades    | 3 |  3.7
Dodging        | 3 |  3.3
Fighting       | 4 |  4.2
Short Blades   | 1 |  1.3
Translocations | 1 |  1.3
Air Magic      | 1 |  1.3

Action                     |  1- 3 |  4- 6 |  7- 9 || total
---------------------------+-------+-------+-------++-------
  Melee: Falchion          |    12 |    28 |       ||    40
         Constrict         |     3 |    19 |     8 ||    30
         Punch             |     1 |     1 |     2 ||     4
         Tentacles         |     1 |    14 |    10 ||    25
         Long sword        |       |    34 |    15 ||    49
         Dagger            |       |    33 |    14 ||    47
    Use: Potion            |     1 |       |     3 ||     4
   Stab: Sleeping          |       |    31 |     1 ||    32
 Armour: Skin              |     1 |     2 |     3 ||     6
  Dodge: Dodged            |     6 |    49 |    27 ||    82

Table legend: (Time is in decaauts)
 A = Elapsed time spent in this place.
 B = Non-inter-level travel time spent in this place.
 C = Inter-level travel time spent in this place.
 D = Time resting spent in this place.
 E = Time spent auto-exploring this place.
 F = Levels seen in this place.
 G = Mean time per level.
                   A        B        C        D        E       F      G
               +--------+--------+--------+--------+--------+-----+--------+
         Total |   3365 |   3330 |     35 |    772 |   1123 |   6 |  560.8 |
       Dungeon |   3283 |   3248 |     35 |    708 |   1123 |   5 |  656.6 |
        Temple |     82 |     82 |      0 |     64 |      0 |   1 |   82.0 |
               +--------+--------+--------+--------+--------+-----+--------+

Top non-repeatable levels by time:
     D:3: 1276 daAuts
     D:2: 1102 daAuts
     D:1: 706 daAuts
     D:5: 135 daAuts
  Temple: 82 daAuts
     D:4: 61 daAuts
